 Dungeon Crawl Stone Soup version 0.27-a0-1572-gacd6f1ce93 (webtiles) character file.

Game seed: 2473039395516727128

3777 Lemonice the Cleaver (level 10, -2/77 (80) HPs)
             Began as a Formicid Abyssal Knight on July 17, 2021.
             Was a Believer of Lugonu.
             Slain by Joseph (9 damage)
             ... on level 8 of the Dungeon.
             The game lasted 00:21:06 (11115 turns).

Lemonice the Cleaver (Formicid Abyssal Knight)     Turns: 11115, Time: 00:21:07

HP:   -2/77 (80)    AC:  8    Str: 20    XL:     10   Next: 38%
MP:   0/15          EV: 11    Int: 12    God:    Lugonu [**....]
Gold: 489           SH:  0    Dex: 10    Spells: 11/11 levels left

rFire    . . .     SeeInvis +   B - +0 battleaxe (freeze)
rCold    . . .     Faith    .   (no shield)
rNeg     + . .     Spirit   +   b - +0 leather armour
rPois    .         Reflect  .   (helmet unavailable)
rElec    .         Harm     .   (no cloak)
rCorr    .         Rampage  .   r - +0 pair of gloves
Will     +....                  c - +2 pair of boots
Stlth    +.........             f - amulet of guardian spirit
HPRegen  0.22/turn              m - ring of positive energy
MPRegen  0.14/turn              (no ring)

@: lightly drained
A: permanent stasis, dig shafts and tunnels, antennae 3, four strong arms,
hooves 1, no potion heal 1
a: Dig, Shaft Self, Renounce Religion, Depart the Abyss, Bend Space


You were on level 8 of the Dungeon.
You worshipped Lugonu.
Lugonu was pleased with you.
You visited 1 branch of the dungeon, and saw 8 of its levels.
You visited the Abyss 1 time.

You collected 544 gold pieces.
You spent 55 gold pieces at shops.

Inventory:

Hand Weapons
 a - a +1 hand axe
 l - a +1 hand axe of venom
 x - a +1 war axe of freezing
 B - a +0 battleaxe of freezing (weapon)
Missiles
 o - a throwing net
 y - a curare-tipped dart
 C - 8 atropa-tipped darts
Armour
 b - a +0 leather armour (worn)
 c - a +2 pair of boots (worn)
 r - a +0 pair of gloves (worn)
Jewellery
 f - an amulet of guardian spirit (around neck)
 m - a ring of positive energy (left hand)
 A - a ring of positive energy
 E - an amulet of reflection
Wands
 h - a wand of paralysis (6)
 n - a wand of iceblast (8)
Scrolls
 d - 2 scrolls of amnesia
 e - 3 scrolls of teleportation
 g - a scroll of holy word
 i - a scroll of blinking
 j - a scroll of magic mapping
 k - a scroll of fog
 q - a scroll of silence
 s - a scroll of fear
 w - a scroll of enchant armour
Potions
 p - 2 potions of resistance
 t - a potion of curing
 u - a potion of flight
 z - 2 potions of brilliance


   Skills:
 + Level 7.6 Fighting
 * Level 9.0 Axes
 + Level 7.2 Armour
 - Level 1.2 Dodging
 + Level 1.4 Spellcasting
 + Level 1.5 Transmutations
 + Level 1.7 Earth Magic
 + Level 7.7 Invocations


You had 11 spell levels left.
You didn't know any spells.
Your spell library contained the following spells:

 Spells                   Type           Power      Damage    Failure   Level
 Sandblast                Erth           8%         2d5       17%         1
 Sting                    Tmut/Pois      8%         1d3       24%         1
 Passwall                 Tmut/Erth      3%         N/A       26%         2
 Foxfire                  Conj/Fire      0%         2x1d4     32%         1
 Sublimation of Blood     Necr           0%         N/A       45%         2
 Conjure Flame            Conj/Fire      0%         6-21      69%         3
 Dazzling Flash           Conj/Hex       0%         N/A       69%         3
 Gell's Gravitas          Tloc           0%         N/A       69%         3
 Inner Flame              Hex/Fire       0%         N/A       69%         3
 Lesser Beckoning         Tloc           0%         N/A       69%         3
 Summon Guardian Golem    Hex/Summ       0%         N/A       69%         3
 Teleport Other           Tloc           0%         N/A       69%         3
 Petrify                  Tmut/Erth      4%         N/A       86%         4
 Lee's Rapid Deconstruct  Erth           2%         3d5*      99%         5
 Agony                    Necr           0%         N/A       100%        5
 Irradiate                Conj/Tmut      1%         3d14      100%        5
 Silence                  Hex/Air        0%         N/A       100%        5
 Orb of Destruction       Conj           0%         N/A       100%        7
 Spellforged Servitor     Conj/Summ      0%         N/A       100%        7


Dungeon Overview and Level Annotations

Branches:
Dungeon (8/15)             Temple (0/1) D:4
   Lair: D:8-11

Altars:
Elyvilon
Hepliaklqana
Okawaru
Ru
Sif Muna
Trog
Uskayaw
Xom
Zin

Shops:
D:3 =   D:6 ?

Annotations:
D:8 Joseph
Abyss:1 Menkaure


Innate Abilities, Weirdness & Mutations

You cannot be hasted, slowed, berserked, paralysed or teleported.
You can dig through walls and to a lower floor.
You have a pair of large antennae on your head. (SInv)
Your four strong arms can wield two-handed weapons with a shield.
You have large cloven feet.
Potions are less effective at restoring your health.


Message History

Joseph is lightly wounded.
Joseph hits you with a +2 spectral quarterstaff!
You hit Joseph. You freeze Joseph.
Joseph is lightly wounded.
Joseph closely misses you.
Joseph hits you with a +2 spectral quarterstaff.
* * * LOW HITPOINT WARNING * * *
You hit Joseph. You freeze Joseph.
Joseph is moderately wounded.
Joseph says, "You will never get the ORB, sorry."
Joseph barely misses you.
You barely miss Joseph.
Joseph is moderately wounded.
Joseph closely misses you.
You hit Joseph. You freeze Joseph.
Joseph is moderately wounded.
Joseph closely misses you.
You barely miss Joseph.
Joseph is moderately wounded.
Joseph barely misses you.
Joseph hits you with a +2 spectral quarterstaff!
* * * LOW HITPOINT WARNING * * *
You slash Joseph! You freeze Joseph.
Joseph is heavily wounded.
Joseph hits you with a +2 spectral quarterstaff!
* * * LOW HITPOINT WARNING * * *
Your system partially rejects the healing.
You feel better. Joseph closely misses you.
It was a potion of haste.
Your stasis prevents you from being hasted.
Joseph barely misses you.
Okay, then.
You closely miss Joseph.
Joseph is heavily wounded.
Joseph hits you with a +2 spectral quarterstaff!
* * * LOW HITPOINT WARNING * * *
Your system partially rejects the healing.
You feel better.
Joseph hits you with a +2 spectral quarterstaff!
You die...

,,,,,,,,,,,,,,,,,,*
,,,,,,,,,....,*,,.#
,,,,,,,,.......,,.#
,,,,,,,,........,.##
,,,,,,,,........,..####
,,,,,,,,.......#,.....*
,,,,,.,,,......##...***
,,,,,..,,**#....#@#**
,,,,,...,* #....@.##
,,,,,....####......#**
,,,,,,.....##...###..#*
,,,,,,,,*#....### **#.#*
,,,,,,,,*##....# **.#*
,,,,,,,***#.#..# **..*
,,,,,,,* #..##.##
*##..#*
,,,,,,***#.#*##.###..#**
,,,,,****.#* #....#**


You could see Joseph.

Vanquished Creatures
  Pikel (D:4)
  2 fire bats (D:5)
  Eustachio (D:5)
  A wyvern (D:7)
  A water moccasin (D:5)
  3 sky beasts
  An ice beast (D:5)
  A necrophage (D:5)
  3 black bears
  An ogre (D:6)
  A centaur (D:5)
  Blork the orc (D:6)
  2 kobold brigands
  A water moccasin zombie (D:5)
  A scorpion (D:4)
  11 wights
  A howler monkey (D:4)
  A centaur zombie (D:5)
  A jelly (D:5)
  3 orc priests
  A gnoll shaman (D:4)
  2 hounds
  A centaur skeleton (D:7)
  2 bullfrog skeletons
  2 iguanas
  Natasha (thrice) (D:4)
  6 orc wizards
  7 gnolls
  2 howler monkey skeletons (D:6)
  7 adders
  An adder skeleton (D:4)
  A worm (D:3)
  A dart slug (D:2)
  15 orcs
  6 endoplasms
  2 giant cockroaches
  5 goblins
  6 hobgoblins
  8 jackals
  19 kobolds
  A quokka (D:4)
  2 ball pythons
  4 bats
  3 frilled lizards
  7 rats
152 creatures vanquished.

Vanquished Creatures (others)
  29 plants (D:4)
29 creatures vanquished.

Grand Total: 181 creatures vanquished

Notes
Turn   | Place    | Note
-------+----------+-------------------------------------------
     0 | Abyss:1  | Lemonice the Formicid Abyssal Knight began the quest for
                  | the Orb.
     0 | Abyss:1  | Reached XP level 1. HP: 18/18 MP: 2/2
    55 | Abyss:1  | Noticed a tormentor
    56 | D:1      | Escaped the Abyss
   241 | D:1      | Reached skill level 1 in Dodging
   386 | D:1      | Reached XP level 2. HP: 24/24 MP: 3/3
   387 | D:1      | Found a faded altar of an unknown god.
   697 | D:1      | Reached XP level 3. HP: 27/29 MP: 4/4
   699 | D:1      | Reached * piety under Lugonu
  1368 | D:2      | Reached XP level 4. HP: 37/37 MP: 6/6
  1587 | D:2      | Reached skill level 3 in Axes
  2146 | D:3      | Reached XP level 5. HP: 42/42 MP: 7/7
  2455 | D:3      | Noticed a black bear
  2494 | D:3      | Killed a black bear
  2494 | D:3      | Reached ** piety under Lugonu
  2495 | D:3      | Reached XP level 6. HP: 37/49 MP: 8/8
  2725 | D:3      | Reached skill level 4 in Axes
  3058 | D:3      | Found Con Raph's Jewellery Shop.
  3489 | D:4      | Reached XP level 7. HP: 51/55 MP: 10/10
  3584 | D:4      | Found a staircase to the Ecumenical Temple.
  4029 | D:4      | Noticed Natasha
  4040 | D:4      | Killed Natasha
  4214 | D:4      | Noticed Natasha
  4224 | D:4      | Killed Natasha
  4474 | D:4      | Noticed Natasha
  4486 | D:4      | Killed Natasha
  4582 | D:5      | Entered Level 5 of the Dungeon
  4585 | D:5      | Noticed Eustachio
  4593 | D:4      | Reached skill level 5 in Fighting
  4598 | D:4      | Reached skill level 5 in Axes
  5159 | D:5      | Noticed Pikel
  5171 | D:4      | Killed Pikel
  5172 | D:4      | Reached skill level 6 in Axes
  5172 | D:4      | Reached skill level 5 in Armour
  5172 | D:4      | Reached skill level 5 in Invocations
  5172 | D:4      | Reached XP level 8. HP: 31/64 MP: 7/12
  5601 | D:5      | Gained mutation: Potions are less effective at restoring
                  | your health. [potion of mutation]
  5601 | D:5      | Gained mutation: You have large cloven feet. [potion of
                  | mutation]
  5609 | D:5      | Killed Eustachio
  5875 | D:5      | HP: 3/64 [poisoned by a water moccasin]
  5877 | D:5      | HP: 1/64 [poisoned by a water moccasin]
  6194 | D:5      | Reached XP level 9. HP: 67/69 MP: 13/13
  6303 | D:5      | Found an iron altar of Okawaru.
  6350 | D:5      | Reached skill level 7 in Axes
  6562 | D:5      | Found a shimmering blue altar of Sif Muna.
  6637 | D:5      | Got Sif Muna's Grimoire of Shape Shifting
  6691 | D:5      | Found a transporter.
  6716 | D:5      | Found a glowing silver altar of Zin.
  6750 | D:5      | Found a transporter.
  6984 | D:5      | Found a sacrificial altar of Ru.
  8012 | D:6      | Reached skill level 8 in Axes
  8570 | D:6      | Reached XP level 10. HP: 56/74 MP: 11/15
  8764 | D:6      | Noticed Blork the orc
  8771 | D:6      | Killed Blork the orc
  9188 | D:6      | Found Ycett's Magic Scroll Emporium.
  9191 | D:6      | Found a shimmering altar of Xom.
  9193 | D:6      | Found a hide-covered altar of Uskayaw.
  9196 | D:6      | Bought a scroll of noise for 11 gold pieces
  9196 | D:6      | Bought a scroll of identify for 22 gold pieces
  9196 | D:6      | Bought a scroll of identify for 22 gold pieces
  9200 | D:6      | Found a bloodstained altar of Trog.
  9202 | D:6      | Found a hazy altar of Hepliaklqana.
  9203 | D:6      | Found a white marble altar of Elyvilon.
  9928 | D:7      | Reached skill level 1 in Earth Magic
  9982 | D:7      | Reached skill level 1 in Spellcasting
  9982 | D:7      | Reached skill level 1 in Transmutations
 10195 | D:7      | Noticed Menkaure
 10198 | D:7      | Reached *** piety under Lugonu
 10202 | D:7      | Banished Menkaure
 10210 | D:7      | Reached skill level 9 in Axes
 11100 | D:8      | Noticed Joseph
 11114 | D:8      | HP: 3/77 [Joseph (10)]
 11115 | D:8      | Slain by Joseph

Illustrated notes

Levels and vault maps discovered:
D:1:      dpeg_arrival_orchard, layout_basic,
          hellmonk_ecumenical_altar_pennies_from_heaven,
          chequers_serial_rivers_small_b, dk_noncrumbling_3
D:2:      layout_loops_ring
D:3:      minmay_inner_zag, layout_basic, serial_shops, nicolae_shop_crystal,
          grunt_decor_one_mirror, minmay_misc_feat_secret_circle
D:4:      layout_basic, minmay_temple_entry_offerings, serial_bayou_lagoon_a,
          minmay_misc_feat_rows, grunt_decor_arrowhead,
          hangedman_decor_opposing, uniq_natasha
D:5:      gammafunk_cloud_chamber, layout_cave_pools, led_sif_book,
          zin_treasury, mainiacjoe_overflow_six_doors_small, okawaru_gym_becter,
          uniq_pikel, uniq_eustachio
D:6:      layout_cave_pods, grunt_temple_overflow_open, serial_shops, shop,
          uniq_blork_the_orc
D:7:      layout_gridville, water_maze_lemuel, uniq_menkaure
D:8:      layout_layer_cave, gup_ossuary_entry_pyramid, grunt_ministairs_10,
          uniq_joseph

Skill      XL: |  1  2  3  4  5  6  7  8  9 10 |
---------------+-------------------------------+-----
Dodging        | 1 |  1.2
Invocations    | 3 4 5 7 |  7.7
Armour         | 3 5 6 7 |  7.2
Axes           | 3 4 6 8 9 |  9.0
Fighting       | 4 5 6 7 |  7.6
Earth Magic    | 1 |  1.7
Spellcasting   | 1 |  1.4
Transmutations | 1 |  1.5

Action                   |  1- 3 |  4- 6 |  7- 9 | 10-12 || total
-------------------------+-------+-------+-------+-------++-------
Melee: Hand axe          |    79 |   167 |   331 |    80 ||   657
       War axe           |       |       |       |    66 ||    66
       Battleaxe         |       |       |       |    13 ||    13
Invok: Depart the Abyss  |     1 |       |       |       ||     1
       Bend Space        |       |       |     1 |       ||     1
       Banish            |       |       |       |     1 ||     1
 Abil: Dig               |       |       |     6 |       ||     6
  Use: Scroll            |       |     5 |     2 |     7 ||    14
       Potion            |       |     1 |     2 |     3 ||     6
Armor: Leather armour    |    21 |    81 |   149 |    39 ||   290
Dodge: Dodged            |    52 |    98 |   169 |    87 ||   406

Table legend: (Time is in decaauts)
 A = Elapsed time spent in this place.
 B = Non-inter-level travel time spent in this place.
 C = Inter-level travel time spent in this place.
 D = Time resting spent in this place.
 E = Time spent auto-exploring this place.
 F = Levels seen in this place.
 G = Mean time per level.
                   A        B        C        D        E       F      G
               +--------+--------+--------+--------+--------+-----+--------+
         Total |  11168 |  10776 |    392 |      0 |   8432 |   9 | 1240.9 |
       Dungeon |  11112 |  10720 |    392 |      0 |   8378 |   8 | 1389.0 |
         Abyss |     56 |     56 |      0 |      0 |     54 |   1 |   56.0 |
               +--------+--------+--------+--------+--------+-----+--------+

Top non-repeatable levels by time:
     D:4: 2819 daAuts
     D:5: 2091 daAuts
     D:6: 1988 daAuts
     D:1: 1317 daAuts
     D:7: 1093 daAuts
     D:3: 1039 daAuts
     D:2: 730 daAuts
 Abyss:1: 56 daAuts
     D:8: 32 daAuts
